 Dungeon Crawl Stone Soup version 0.32-a0-30-gefbe487952 (webtiles) character file.

Game seed: 16919397777572681674

105 gruber the Ruffian (level 4, 0/41 HPs)
             Began as an Oni Shapeshifter on Jan 19, 2024.
             Slain by a water moccasin (7 damage)
             ... on level 3 of the Dungeon.
             The game lasted 00:01:12 (2153 turns).

gruber the Ruffian (Oni Shapeshifter)               Turns: 2153, Time: 00:01:12

Health: 0/41       AC:  3    Str: 20    XL:     4   Next: 83%
Magic:  4/4        EV: 10    Int: 11    God:
Gold:   92         SH:  5    Dex: 14    Spells: 3/3 levels left

rFire   . .          .
                       - Unarmed
rCold   . . .        (no shield)
rNeg    . . .        a - +0 animal skin
rPois   .            (helmet currently unavailable)
rElec   .            (cloak currently unavailable)
rCorr   .            (gloves unavailable)
SInv    +            (boots unavailable)
Will    .....        k - amulet of reflection
Stlth   +            p - +6 ring of dexterity
HPRegen 0.26/turn    r - ring of see invisible
MPRegen 0.09/turn

%: reflection
@: lethally poisoned (0 -> -9), beast-form
A: beast (slay +1), large, unfitting armour, horns 1, tough skin 1, double
potion healing, drunken brawling
a: Begin Untransformation


You were on level 3 of the Dungeon.
You were a hulking beast.
You visited 1 branch of the dungeon, and saw 3 of its levels.

You collected 92 gold pieces.

Inventory:

Armour
 a - a +0 animal skin (worn)
Jewellery
 k - an amulet of reflection (around neck)
 p - a +6 ring of dexterity (left hand)
 r - a ring of see invisible (right hand)
Talismans
 c - a beast talisman
 d - a flux talisman
Scrolls
 f - 3 scrolls of identify {unknown}
 g - a scroll of enchant armour {unknown}
 h - a scroll of enchant weapon {unknown}
 i - a scroll of amnesia {unknown}
 j - 2 scrolls of summoning {unknown}
 l - a scroll of silence {unknown}
 n - a scroll of torment {unknown}
 o - 2 scrolls of fog {unknown}
 s - a scroll of immolation {unknown}
 x - a scroll of brand weapon {unknown}
Potions
 b - a potion of lignification
 e - 3 potions of curing {unknown}
 m - a potion of mutation {unknown}
 q - a potion of degeneration {unknown}
 t - a potion of magic {unknown}
 u - a potion of invisibility {unknown}
 v - a potion of might {unknown}
 w - 2 potions of attraction {unknown}


   Skills:
 - Level 1.3 Fighting
 - Level 1.7 Dodging
 + Level 4.9 Unarmed Combat
 - Level 3.0 Shapeshifting


You had 3 spell levels left.
You didn't know any spells.
Your spell library contained the following spells:

 Spells                   Type           Power      Damage    Failure   Level
 Ensorcelled Hibernation  Hex/Ice        0%         N/A       47%         2
 Fugue of the Fallen      Necr           0%         N/A       71%         3
 Anguish                  Hex/Necr       0%         N/A       98%         4


Dungeon Overview and Level Annotations

Branches:
Dungeon (3/15)

Altars:
Qazlal

Shops:
D:2 :


Innate Abilities, Weirdness & Mutations

You are a hulking beast.
Your limbs bulge with bestial killing power. (Slay +1)
You are too large for most types of armour.
You have a pair of small horns on your head.
You have tough skin. (AC +1)
You gain doubled healing and magic from potions.
Whenever you drink a healing potion, you attack all around you.


Message History

The water moccasin misses you.
A water moccasin is nearby!
You hit the water moccasin but do no damage.
Your headbutt misses the water moccasin.
The water moccasin is lightly wounded.
The water moccasin bites you!
You are poisoned.
The water moccasin poisons you!
You miss the water moccasin.
The water moccasin is lightly wounded.
You feel very sick. The water moccasin closely misses you.
You punch the water moccasin!
The water moccasin is moderately wounded.
You feel sick. The water moccasin bites you.
You are more poisoned.
The water moccasin poisons you!
The water moccasin bites you but does no damage.
You miss the water moccasin.
The water moccasin is moderately wounded.
You feel very sick. The water moccasin bites you.
You hit the water moccasin but do no damage.
You headbutt the water moccasin.
The water moccasin is heavily wounded.
* * * LOW HITPOINT WARNING * * *
You feel very sick.
The water moccasin bites you but does no damage.
You hit the water moccasin.
The water moccasin is heavily wounded.
* * * LOW HITPOINT WARNING * * *
You feel very sick. You block the water moccasin's attack.
The water moccasin bites you but does no damage.
You miss the water moccasin.
The water moccasin is heavily wounded.
* * * LOW HITPOINT WARNING * * *
You feel very sick. The water moccasin bites you!
You die...

#.......#.# ##.......# #...
#########.# ##.###### #.#.
#.# #.# #... #.# #.# ##.# #.#
#+## #.# #.# #...## #.# ##.#
##.....## ###.# #####..#
##.......# ##.#.#
#......####.hS......####....#
#.#.......'.........+........
##...####.........##.#.....
#...# ##.......# # ##.#..
#.#.# ##...!.## #.... #.#.#
#...## #.##. ....# #+## #. #.
##.### # #. ..


You could see a water moccasin.

Vanquished Creatures
  4 adders (D:2)
  5 dart slugs
  A ribbon worm (D:3)
  An orc (D:3)
  3 endoplasms
  3 giant cockroaches
  6 goblins
  3 hobgoblins
  3 jackals (D:2)
  2 kobolds
  3 quokkas
  9 ball pythons
  7 bats
  2 frilled lizards (D:2)
  4 rats
56 creatures vanquished.

Notes
Turn   | Place    | Note
-------+----------+-------------------------------------------
     0 | D:1      | gruber the Oni Shapeshifter began the quest for the Orb.
     0 | D:1      | Reached XP level 1. HP: 19/19 MP: 1/1
   220 | D:1      | Reached skill level 3 in Unarmed Combat
   235 | D:1      | Reached XP level 2. HP: 27/27 MP: 2/2
   565 | D:1      | Reached XP level 3. HP: 33/33 MP: 3/3
   758 | D:2      | Reached skill level 4 in Unarmed Combat
   878 | D:2      | Found a faded altar of an unknown god.
   923 | D:2      | Reached XP level 4. HP: 41/41 MP: 4/4
  1024 | D:2      | Found Poyz's Vocational Training.
  1052 | D:2      | Identified the +0 short sword of Curoquqi {holy, Will+
                  | Dex+5 Stlth+}
  1914 | D:3      | Found a stormy altar of Qazlal.
  2141 | D:3      | Noticed a water moccasin
  2153 | D:3      | Slain by a water moccasin

Illustrated notes

Levels and vault maps discovered:
D:1:      co_arrival_random_square_maze, layout_basic
D:2:      minmay_chambers_of_ones, layout_loops_cross,
          shapermc_ecumenical_altar_flowoftime, grunt_decor_cap,
          nrook_mini_vaults, nicolae_shop_vocational
D:3:      layout_loops_corners, overflow_temple_1_default

Skill      XL: |  1  2  3 |
---------------+----------+-----
Unarmed Combat | 3 4 |  4.9
Fighting       | |  1.3
Dodging        | |  1.7
Shapeshifting  | |  3.0

Action                     |  1- 3 |  4- 6 || total
---------------------------+-------+-------++-------
  Melee: Unarmed           |    70 |    69 ||   139
         Headbutt          |     9 |    11 ||    20
         Punch             |       |     1 ||     1
   Stab: Sleeping          |     2 |     5 ||     7
 Armour: Animal skin       |    29 |    35 ||    64
  Dodge: Dodged            |    34 |    24 ||    58
  Block: Other             |     1 |    11 ||    12

Table legend: (Time is in decaauts)
 A = Elapsed time spent in this place.
 B = Non-inter-level travel time spent in this place.
 C = Inter-level travel time spent in this place.
 D = Time resting spent in this place.
 E = Time spent auto-exploring this place.
 F = Levels seen in this place.
 G = Mean time per level.
                   A        B        C        D        E       F      G
               +--------+--------+--------+--------+--------+-----+--------+
         Total |   2140 |   2095 |     45 |      0 |   1750 |   3 |  713.3 |
       Dungeon |   2140 |   2095 |     45 |      0 |   1750 |   3 |  713.3 |
               +--------+--------+--------+--------+--------+-----+--------+

Top non-repeatable levels by time:
     D:2: 902 daAuts
     D:1: 685 daAuts
     D:3: 552 daAuts
